[ AOE2 MATCH · #507093815 ]
UnrankedBritons vs Persians
Player's team · LOSS
Rival team · WIN
[ REPLAY ANALYSIS · EXTRACTED FROM THE RECORDED GAME ]
Feudal
—
Castle
—
Imperial
—
| APM avg | 64.0 |
| APM peak | 84 |
| eAPM avg | 17.3 |
| Villagers / military | 19 / 0 |
Focus
⚔️ 12.4% · 🌾 87.6%
Feudal
—
Castle
—
Imperial
—
| APM avg | 20.5 |
| APM peak | 53 |
| eAPM avg | 7.9 |
| Villagers / military | 23 / 0 |
Focus
⚔️ 6.5% · 🌾 93.5%
Match map
Initial resources + every placement click. Lines = walls · curves = elevation contours. ◆ gold · ⬟ stone · ● berries · ✦ relic · ◌ wall gap
Your base
MITOELMEJOR's base
Smoothed initial terrain · ◌ = detected wall gap · hover for details
Inputs per minute
— OaRMäR - - MITOELMEJOR
Build order — OaRMäR
26 actions detected in the replay
| 0:00 | Queue | Villager (Male) |
| 0:01 | Queue | Villager (Male) |
| 0:01 | Queue | Villager (Male) |
| 0:02 | Build | House |
| 0:05 | Build | House |
| 0:09 | Queue | Villager (Male) |
| 1:18 | Queue | Villager (Male) |
| 1:43 | Build | Lumber Camp |
| 1:56 | Queue | Villager (Male) |
| 1:56 | Queue | Villager (Male) |
| 2:03 | Queue | Villager (Male) |
| 2:37 | Queue | Villager (Male) |
| 2:37 | Queue | Villager (Male) |
| 2:57 | Queue | Villager (Male) |
| 2:57 | Queue | Villager (Male) |
| 3:33 | Build | House |
| 3:38 | Queue | Villager (Male) |
| 3:38 | Queue | Villager (Male) |
| 4:07 | Build | Mill |
| 4:29 | Queue | Villager (Male) |
| 4:29 | Queue | Villager (Male) |
| 4:57 | Queue | Villager (Male) |
| 5:39 | Queue | Villager (Male) |
| 5:43 | Build | House |
| 6:05 | Queue | Villager (Male) |
| 6:12 | Research | Loom |
Build order — MITOELMEJOR
29 actions detected in the replay
| 0:03 | Build | House |
| 0:04 | Build | House |
| 0:06 | Build | House |
| 0:07 | Queue | Villager (Male) |
| 0:07 | Queue | Villager (Male) |
| 0:07 | Queue | Villager (Male) |
| 0:08 | Queue | Villager (Male) |
| 0:08 | Queue | Villager (Male) |
| 1:28 | Queue | Villager (Male) |
| 1:28 | Queue | Villager (Male) |
| 2:08 | Queue | Villager (Male) |
| 2:09 | Queue | Villager (Male) |
| 2:47 | Build | Mill |
| 2:49 | Queue | Villager (Male) |
| 2:49 | Queue | Villager (Male) |
| 3:04 | Queue | Villager (Male) |
| 3:04 | Queue | Villager (Male) |
| 3:24 | Queue | Villager (Male) |
| 3:24 | Queue | Villager (Male) |
| 4:07 | Queue | Villager (Male) |
| 4:07 | Queue | Villager (Male) |
| 4:08 | Queue | Villager (Male) |
| 4:42 | Research | Loom |
| 5:09 | Queue | Villager (Male) |
| 5:46 | Queue | Villager (Male) |
| 5:47 | Queue | Villager (Male) |
| 6:13 | Queue | Villager (Male) |
| 6:14 | Queue | Villager (Male) |
| 6:52 | Build | Town Center |
Match timeline
| 7:07 | OaRMäR · resign |
[ AI ANALYSIS · 1 CREDIT ]
What really happened in this match?
Wolo.gg analyzes every decision: build order, eco, micro, common mistakes by bracket. Personalized analysis on WhatsApp or Discord in 30 seconds.
Civ guide
Britons
Perfil
Jugador #2106972